 Dungeon Crawl Stone Soup version 0.30.0 (webtiles) character file.

Game seed: 1879473625050231171

633 leafyfresh the Covert (level 7, -9/60 HPs)
             Began as a Gnoll Delver on May 6, 2023.
             Was an Initiate of Ashenzari.
             Mangled by a gnoll
             ... wielding a +3 halberd
              (12 damage)
             ... on level 2 of the Dungeon.
             The game lasted 00:06:02 (4207 turns).

leafyfresh the Covert (Gnoll Delver)                Turns: 4207, Time: 00:06:02

Health: -9/60      AC:  3    Str: 12    XL:     7   Next: 49%
Magic:  11/11      EV: 13    Int:  9    God:    Ashenzari [......]
Gold:   234        SH:  5    Dex: 12    Spells: 10/12 levels left

rFire   . . .        y - +5 mace of Mourning {heavy, rC+ rN+ Will+ Dex-3}
rCold   + . .        (no shield)
rNeg    + . .        b - +0 leather armour
rPois   .            (no helmet)
rElec   .            (no cloak)
rCorr   .            (no gloves)
SInv    .            (no boots)
Will    +....        t - amulet of Ashenzari's Regret {Reflect SH+5, Evo, Self} (curse)
Stlth   ++++         (no ring)
HPRegen 0.30/turn    (no ring)
MPRegen 0.12/turn

%: reflection
@: hasted, very quick
A: fangs 1, strong nose, distributed training
a: Renounce Religion, Shatter the Chains


You were on level 2 of the Dungeon.
You worshipped Ashenzari.
Ashenzari was noncommittal.
You visited 1 branch of the dungeon, and saw 5 of its levels.

You collected 234 gold pieces.

Inventory:

Hand Weapons
 a - a +0 short sword
 p - a +1 dagger of venom
 y - the +5 mace of Mourning (weapon) {heavy, rC+ rN+ Will+ Dex-3}
   (You found it on level 2 of the Dungeon)

   Dex:       It affects your dexterity (-3).
   rC:        It protects you from cold.
   rN:        It protects you from negative energy.
   Will:      It increases your willpower.
Armour
 b - a +0 leather armour (worn)
Jewellery
 t - the cursed amulet of Ashenzari's Regret (around neck) {Reflect SH+5, Evo, Self}
   (You found it on level 2 of the Dungeon)

   [amulet of reflection]

   It reflects blocked missile attacks.
   SH:        It affects your SH (+5).
   It has a curse which improves the following skills: Evocations: Evocations.
   Introspection: Fighting and Spellcasting.
Wands
 g - a wand of digging (3)
Scrolls
 c - 2 scrolls of fog
 h - 2 scrolls of teleportation {unknown}
 j - a scroll of blinking {unknown}
 k - a scroll of vulnerability {unknown}
 l - a scroll of identify {unknown}
 m - a scroll of noise {unknown}
 o - a scroll of amnesia {unknown}
 q - a scroll of immolation {unknown}
 u - a scroll of poison {unknown}
 w - a scroll of enchant armour {unknown}
 x - a scroll of enchant weapon {unknown}
Potions
 i - a potion of degeneration {unknown}
 n - 2 potions of heal wounds {unknown}
 r - a potion of cancellation {unknown}
 s - a potion of curing {unknown}
 v - a potion of lignification {unknown}


   Skills:
 + Level 7.1(7.5) Fighting
 + Level 5.3 Short Blades
 + Level 2.6 Long Blades
 + Level 2.6 Axes
 + Level 2.6 Maces & Flails
 + Level 2.6 Polearms
 + Level 2.6 Staves
 + Level 2.6 Ranged Weapons
 + Level 2.6 Throwing
 + Level 2.6 Armour
 + Level 5.3 Dodging
 + Level 10.0 Stealth
 + Level 2.6 Shields
 + Level 2.6 Unarmed Combat
 + Level 2.6(3.0) Spellcasting
 + Level 2.1 Conjurations
 + Level 2.1 Hexes
 + Level 2.1 Summonings
 + Level 2.1 Necromancy
 + Level 2.1 Translocations
 + Level 2.1 Transmutations
 + Level 2.1 Fire Magic
 + Level 2.1 Ice Magic
 + Level 2.1 Air Magic
 + Level 2.1 Earth Magic
 + Level 2.1 Poison Magic
 + Level 2.9 Invocations
 + Level 2.6(3.0) Evocations


You had 10 spell levels left.
You knew the following spells:

 Your Spells              Type           Power      Damage    Failure   Level
a - Passwall              Tmut/Erth      4%         N/A       24%         2

Your spell library contained the following spells:

 Spells                   Type           Power      Damage    Failure   Level
 Ensorcelled Hibernation  Hex/Ice        10%        N/A       24%         2
 Swiftness                Air            5%         N/A       43%         3


Dungeon Overview and Level Annotations

Branches:
Dungeon (5/15)
 Temple: D:4-7

Altars:
Ashenzari
Elyvilon
Sif Muna
Uskayaw
Xom
Yredelemnul


Innate Abilities, Weirdness & Mutations

You have very sharp teeth.
Your uncanny sense of smell can sniff out nearby items.
Your experience applies equally to all skills.


Message History

There is a stone staircase leading up here.
The gnoll hits you with a +0 flail.
You climb upwards.
Found a scroll labelled NEAVVAMN HOUQU and 8 gold pieces.
There is a stone staircase leading down here.
You sock the gnoll!
The gnoll is almost dead.
The gnoll closely misses you. x2
You sock the gnoll!
You kill the gnoll!
Your Stealth skill increases to level 10!
There is a stone staircase leading down here.
You climb downwards.
There is a stone staircase leading up here.
No target in view!
No target in view!
No target in view!
No target in view!
No target in view!
No target in view!
The gnoll shouts!
A gnoll is nearby!
The gnoll closely misses you.
A gnoll is nearby!
You hit the gnoll but do no damage.
The gnoll hits you with a +3 halberd! x2
You are too injured to fight recklessly!
You are too injured to fight recklessly!
You are too injured to fight recklessly!
You are too injured to fight recklessly!
You closely miss the gnoll.
The gnoll hits you with a +3 halberd! x2
* * * LOW HITPOINT WARNING * * *
You hit the gnoll but do no damage. You block the gnoll's attack.
The gnoll hits you with a +3 halberd!
* * * LOW HITPOINT WARNING * * *
You barely miss the gnoll. Your bite misses the gnoll.
The gnoll closely misses you.
Unknown command.
Unknown command.
You feel yourself speed up. The gnoll hits you with a +3 halberd!
You die...

### #.. #..
#################### #..
...................######
#..
.....#############......###
### ####.#### #.....##...#
#....## #.###.####.######
####..## #@#<#.# #.##...#
##..## #g#...# #.##.#.## #
####..#####.########.##.#...
#
#...........................
#
#.....#####.########..#.####
# #.....# #.# ##.#.#
######.....# #.# #.#.#
...........# #.# #...#
...........# #.# ##..#


You could see a gnoll.

Vanquished Creatures
  A black bear (D:4)
  An ogre (D:5)
  A phantom (D:4)
  A bullfrog (D:5)
  A hound (D:4)
  2 jellies (D:5)
  3 iguanas
  3 gnolls
  6 adders
  An ufetubus (D:5)
  3 worms
  A dart slug (D:3)
  3 orcs
  9 ball pythons
  8 endoplasms
  2 giant cockroaches (D:4)
  5 goblins
  5 hobgoblins
  4 quokkas
  3 bats
  3 frilled lizards
  4 kobolds
  5 rats
75 creatures vanquished.

Vanquished Creatures (others)
  A quokka (D:5)
1 creature vanquished.

Grand Total: 76 creatures vanquished

Notes
Turn   | Place    | Note
-------+----------+-------------------------------------------
     0 | D:5      | Reached skill level 9 in Stealth
     0 | D:5      | leafyfresh the Gnoll Delver began the quest for the Orb.
     0 | D:5      | Reached XP level 1. HP: 23/23 MP: 1/1
     0 | D:5      | Found a shimmering altar of Xom.
     3 | D:5      | Found a white marble altar of Elyvilon.
     8 | D:5      | Became a worshipper of Elyvilon the Healer
    70 | D:5      | Noticed an iguana
    77 | D:5      | Killed an iguana
    78 | D:5      | Reached XP level 2. HP: 29/29 MP: 2/2
    78 | D:5      | Reached XP level 3. HP: 35/35 MP: 3/3
   120 | D:5      | Reached skill level 1 in Long Blades
   120 | D:5      | Reached skill level 1 in Axes
   120 | D:5      | Reached skill level 1 in Maces & Flails
   120 | D:5      | Reached skill level 1 in Polearms
   120 | D:5      | Reached skill level 1 in Staves
   120 | D:5      | Reached skill level 1 in Ranged Weapons
   120 | D:5      | Reached skill level 1 in Throwing
   120 | D:5      | Reached skill level 1 in Armour
   120 | D:5      | Reached skill level 1 in Shields
   120 | D:5      | Reached skill level 1 in Unarmed Combat
   120 | D:5      | Reached skill level 1 in Spellcasting
   120 | D:5      | Reached skill level 1 in Invocations
   120 | D:5      | Reached skill level 1 in Evocations
   175 | D:5      | Reached XP level 4. HP: 27/41 MP: 5/5
   253 | D:5      | Reached skill level 1 in Conjurations
   253 | D:5      | Reached skill level 1 in Hexes
   253 | D:5      | Reached skill level 1 in Summonings
   253 | D:5      | Reached skill level 1 in Necromancy
   253 | D:5      | Reached skill level 1 in Translocations
   253 | D:5      | Reached skill level 1 in Transmutations
   253 | D:5      | Reached skill level 1 in Fire Magic
   253 | D:5      | Reached skill level 1 in Ice Magic
   253 | D:5      | Reached skill level 1 in Air Magic
   253 | D:5      | Reached skill level 1 in Earth Magic
   253 | D:5      | Reached skill level 1 in Poison Magic
   343 | D:5      | Noticed an ogre
   346 | D:5      | Killed an ogre
   347 | D:5      | Reached XP level 5. HP: 47/47 MP: 5/7
   350 | D:5      | Learned a level 2 spell: Passwall
   458 | D:5      | Reached XP level 6. HP: 37/53 MP: 8/8
   729 | D:4      | Found a hide-covered altar of Uskayaw.
   729 | D:4      | Found a shimmering blue altar of Sif Muna.
   761 | D:4      | Noticed a black bear
   765 | D:4      | Reached * piety under Elyvilon
   766 | D:4      | Killed a black bear
   767 | D:4      | Reached skill level 5 in Short Blades
   767 | D:4      | Reached skill level 5 in Dodging
  1310 | D:4      | Reached XP level 7. HP: 18/60 MP: 10/10
  1852 | D:4      | Found a broken altar of Ashenzari.
  1860 | D:4      | Fell from the grace of Elyvilon
  1860 | D:4      | Became a worshipper of Ashenzari the Shackled
  1943 | D:4      | Found a basalt altar of Yredelemnul.
  2948 | D:2      | HP: 3/60 [goblin/+0 club (1)]
  3661 | D:2      | Identified the +5 mace of Mourning {heavy, rC+ rN+ Will+
                  | Dex-3}
  4188 | D:1      | Reached skill level 10 in Stealth
  4205 | D:2      | HP: 2/60 [gnoll/+3 halberd (10)]
  4207 | D:2      | Mangled by a gnoll

Illustrated notes

Levels and vault maps discovered:
D:1:      tarquinn_simple_flora_water_c, layout_loops_corners,
          grunt_decor_resistance, minmay_close_crescents
D:2:      layout_basic, basic_altar, chequers_mini_garden,
          minmay_rat_gold_closets
D:3:      layout_basic, serial_shops, shop
D:4:      layout_gridville, ashenzari_altar_1, lemuel_round_altar,
          chequers_temple_overflow_statue_of_worship
D:5:      layout_basic, elyvilon_altar_4, amcnicky_altar_gilded

Skill      XL: |  1  2  3  4  5  6  7 |
---------------+----------------------+-----
Stealth        | 10 | 10.0
Long Blades    | 1 2 |  2.6
Axes           | 1 2 |  2.6
Maces & Flails | 1 2 |  2.6
Polearms       | 1 2 |  2.6
Staves         | 1 2 |  2.6
Ranged Weapons | 1 2 |  2.6
Throwing       | 1 2 |  2.6
Armour         | 1 2 |  2.6
Shields        | 1 2 |  2.6
Unarmed Combat | 1 2 |  2.6
Spellcasting   | 1 2 |  2.6
Invocations    | 1 2 |  2.9
Evocations     | 1 2 |  2.6
Conjurations   | 1 2 |  2.1
Hexes          | 1 2 |  2.1
Summonings     | 1 2 |  2.1
Necromancy     | 1 2 |  2.1
Translocations | 1 2 |  2.1
Transmutations | 1 2 |  2.1
Fire Magic     | 1 2 |  2.1
Ice Magic      | 1 2 |  2.1
Air Magic      | 1 2 |  2.1
Earth Magic    | 1 2 |  2.1
Poison Magic   | 1 2 |  2.1
Short Blades   | 5 |  5.3
Dodging        | 5 |  5.3
Fighting       | 7 |  7.1

Action                     |  1- 3 |  4- 6 |  7- 9 || total
---------------------------+-------+-------+-------++-------
  Melee: Short sword       |    18 |   102 |    16 ||   136
         Bite              |     3 |    13 |    14 ||    30
         Dagger            |       |       |   103 ||   103
         Mace              |       |       |    19 ||    19
         Punch             |       |       |     1 ||     1
 Invoke: Curse Item        |       |       |     1 ||     1
    Use: Scroll            |       |       |     2 ||     2
         Potion            |       |       |     1 ||     1
   Stab: Sleeping          |     2 |     9 |    16 ||    27
 Armour: Leather armour    |     6 |     4 |    16 ||    26
  Dodge: Dodged            |    25 |    41 |    91 ||   157
  Block: Other             |       |       |    10 ||    10
